 Dungeon Crawl Stone Soup version 0.18-b1-2-gd0c887e (webtiles) character file.

2022 colpogo the Cudgeler (level 9, -2/55 HPs)
             Began as a Gargoyle Fighter on Apr 28, 2016.
             Was an Elder of Okawaru.
             Killed from afar by an orc wizard (5 damage)
             ... with a puff of frost
             ... on level 6 of the Dungeon.
             The game lasted 00:21:42 (6986 turns).

colpogo the Cudgeler (Gargoyle Fighter)             Turns: 6986, Time: 00:21:43

Health: -2/55      AC: 16    Str: 23    XL:     9   Next: 23%
Magic:  12/12      EV:  3    Int:  9    God:    Okawaru [****..]
Gold:   271        SH: 10    Dex:  9    Spells: 0 memorised, 8 levels left

rFire  . . .     SeeInvis .     a - +0 flail
rCold  . . .     Gourm    .     x - +2 scale mail {MR+}
rNeg   + . .     Faith    .     c - +0 shield
rPois  ∞         Spirit   .     h - +0 helmet
rElec  +         Dismiss  .     (no cloak)
rCorr  .         Reflect  .     (no gloves)
SustAt .         Harm     .     (no boots)
MR     ++...                    (no amulet)
Stlth  ..........               (no ring)
                                q - ring of protection from magic

@: very resistant to hostile enchantments, extremely unstealthy
A: negative energy resistance 1, electricity resistance, unbreathing,
petrification resistance, rot immunity, AC +5
a: Heroism, Renounce Religion


You were on level 6 of the Dungeon.
You worshipped Okawaru.
Okawaru was greatly pleased with you.
You were not hungry.

You visited 1 branch of the dungeon, and saw 6 of its levels.

You collected 271 gold pieces.

Inventory:

Hand Weapons
 a - a +0 flail (weapon)
 r - a +2 halberd of distortion
Missiles
 g - 2 tomahawks of returning (quivered)
 t - 17 tomahawks
Armour
 c - a +0 shield (worn)
 h - a +0 helmet (worn)
 n - a +1 crystal plate armour
 s - a +0 chain mail
 x - a +2 scale mail of magic resistance (worn)
Jewellery
 q - a ring of protection from magic (left hand)
Wands
 D - a wand of hasting (1/9)
Scrolls
 b - 5 scrolls of identify
 i - a scroll of magic mapping
 y - a scroll of remove curse
 F - 3 scrolls of fog {unknown}
Potions
 d - a potion of resistance {unknown}
 e - a potion of beneficial mutation {unknown}
 j - 2 potions of mutation
 k - 2 potions of heal wounds {unknown}
 m - a potion of cancellation {unknown}
 o - a potion of magic {unknown}
 p - 2 potions of flight {unknown}
 u - 2 potions of agility {unknown}
 v - 2 potions of curing {unknown}
 w - 2 potions of lignification {unknown}
 z - a potion of haste {unknown}
Comestibles
 f - 5 bread rations
 l - 7 meat rations
 A - 6 chunks of flesh
 B - a beef jerky
 C - a slice of pizza
 E - a royal jelly


   Skills:
 + Level 6.1 Fighting
 * Level 7.1 Maces & Flails
 + Level 6.1 Armour
 + Level 6.3 Shields
 + Level 5.0 Invocations


You had 8 spell levels left.
You didn't know any spells.

Dungeon Overview and Level Annotations

Branches:
Dungeon (6/15)
 Temple: D:4-7

Altars:
Ashenzari
Dithmenos
Elyvilon
Fedhas
Nemelex Xobeh
Okawaru
Pakellas
Qazlal

Shops:
D:5 }


Innate Abilities, Weirdness & Mutations

You are resistant to torment.
Your stone body is resilient (AC +5).
You are immune to poison.
You resist negative energy.
You are resistant to electric shocks.
You can survive without breathing.
You are immune to petrification.
You are immune to rotting.


Message History

a flail; a leather armour; a war axe; a whip; an orc corpse The orc wizard points at you and mumbles some strange words.
The puff of flame hits you!
* * * LOW HITPOINT WARNING * * *
There is an open door here.
The orc wizard gestures wildly while chanting.
The orc wizard seems to speed up.
The orc wizard points at you and mumbles some strange words.
The puff of flame hits you!
The orc wizard points at you and mumbles some strange words.
The puff of frost hits you!
* * * LOW HITPOINT WARNING * * *
The orc wizard points at you and mumbles some strange words.
The magic dart hits you!
* * * LOW HITPOINT WARNING * * *
The orc wizard looks braver for a moment.
There is a stone staircase leading up here.
The orc wizard points at you and mumbles some strange words.
The puff of frost hits you!
You die...

.#.......# .#....#.....[..'....#.
##.......# ...###.######....#.
.....##### #....### #......##
.....#...# #....# #........
.....#...# #....# #........
.....'...# #....# #........
.....##.#######....######........
......#.###...#......o.......####
......#.......#.@....o.......#
......#.......#..............#
......#.......#..............#
......#.......#.......########
......#..######.......#......#
......#..##...........#......#
......#<..#...........#......#
......#...#...........####'######
......#...'...........#.....##..#


You could see an orc warrior and an orc wizard.

Vanquished Creatures
  The ghost of Shenda the Slasher, a novice DsFi (D:5)
  The ghost of Spolavi the Destroyer, a novice DECj (D:6)
  A sky beast (D:5)
  4 giant frogs (D:6)
  A big kobold (D:6)
  A wyvern skeleton (D:6)
  A scorpion (D:6)
  2 howler monkeys
  A giant frog zombie (D:6)
  2 jellies (D:6)
  3 orc priests
  A giant frog skeleton (D:6)
  2 iguanas
  6 worker ants
  A worker ant zombie (D:5)
  8 gnolls
  6 adders
  2 shadow imps
  An adder zombie (D:5)
  3 worms
  13 orcs
  2 ball pythons
  2 giant cockroaches
  5 goblins
  8 hobgoblins
  26 jackals
  5 quokkas
  8 bats
  7 giant newts
  14 kobolds
  7 rats
  A bush (D:2)
146 creatures vanquished.

Notes
Turn   | Place    | Note
--------------------------------------------------------------
     0 | D:1      | colpogo the Gargoyle Fighter began the quest for the Orb.
     0 | D:1      | Reached XP level 1. HP: 14/14 MP: 1/1
   148 | D:1      | Reached XP level 2. HP: 19/19 MP: 2/2
   802 | D:1      | Reached XP level 3. HP: 4/23 MP: 3/3
  1421 | D:2      | Reached skill level 3 in Maces & Flails
  1515 | D:2      | Found a sparkling altar of Nemelex Xobeh.
  1515 | D:2      | Found an iron altar of Okawaru.
  1520 | D:2      | Found a blossoming altar of Fedhas.
  1613 | D:2      | Became a worshipper of Warmaster Okawaru
  1753 | D:2      | Reached XP level 4. HP: 26/29 MP: 4/4
  2502 | D:3      | Reached skill level 1 in Invocations
  2961 | D:3      | Reached XP level 5. HP: 31/33 MP: 5/5
  3178 | D:3      | Found a stormy altar of Qazlal.
  3940 | D:4      | Reached XP level 6. HP: 22/38 MP: 7/7
  4168 | D:4      | Reached skill level 4 in Maces & Flails
  4525 | D:5      | Entered Level 5 of the Dungeon
  4525 | D:5      | Noticed Shenda's ghost (novice DsFi)
  4537 | D:5      | Killed Shenda's ghost
  4537 | D:5      | Reached * piety under Okawaru
  4537 | D:5      | Reached ** piety under Okawaru
  4537 | D:5      | Reached skill level 5 in Maces & Flails
  4537 | D:5      | Reached skill level 5 in Shields
  4537 | D:5      | Reached XP level 7. HP: 31/44 MP: 7/9
  4690 | D:5      | Reached skill level 5 in Fighting
  5110 | D:5      | Found a shattered altar of Ashenzari.
  5133 | D:5      | Found King's Gadget Boutique.
  5304 | D:5      | Reached XP level 8. HP: 49/49 MP: 10/10
  5308 | D:5      | Found an oddly glowing altar of Pakellas.
  5316 | D:5      | Found a shadowy altar of Dithmenos.
  5424 | D:5      | Reached skill level 5 in Armour
  5692 | D:5      | Found a white marble altar of Elyvilon.
  6018 | D:6      | Reached *** piety under Okawaru
  6027 | D:6      | Reached skill level 6 in Maces & Flails
  6260 | D:6      | Noticed Spolavi's ghost (novice DECj)
  6288 | D:6      | Killed Spolavi's ghost
  6561 | D:6      | Reached XP level 9. HP: 55/55 MP: 12/12
  6613 | D:6      | Reached **** piety under Okawaru
  6764 | D:6      | Reached skill level 7 in Maces & Flails
  6764 | D:6      | Reached skill level 5 in Invocations
  6956 | D:6      | HP: 2/55 [orc wizard/puff of flame (2)]
  6975 | D:6      | HP: 1/55 [orc wizard/magic dart (2)]
  6986 | D:6      | Killed from afar by an orc wizard

Skill      XL: |  1  2  3  4  5  6  7  8  9 |
---------------+----------------------------+-----
Maces & Flails | 3 5 6 7 |  7.1
Invocations    | 1 3 4 5 |  5.0
Shields        | 4 5 6 |  6.3
Fighting       | 4 5 6 |  6.1
Armour         | 4 5 6 |  6.1

Action                   |  1- 3 |  4- 6 |  7- 9 || total
-------------------------+-------+-------+-------++-------
Melee: Flail             |   231 |   294 |   296 ||   821
Throw: Tomahawk          |       |       |     7 ||     7
  Use: Scroll            |       |     9 |       ||     9
       Potion            |       |     1 |       ||     1
  Eat: Chunk             |     3 |     9 |     9 ||    21
Armor: Scale mail        |   104 |     2 |   121 ||   227
       Chain mail        |       |   288 |    61 ||   349
Dodge: Dodged            |    75 |   105 |    83 ||   263
Block: Shield            |   107 |   227 |   162 ||   496
